 Dungeon Crawl Stone Soup version 0.24.1-14-gf8d2b509d9 (webtiles) character file.

Game seed: 5727715029308412888, levelgen mode: deterministic

242 Doot the Sneak (level 5, 0/36 HPs)
             Began as a Vampire Enchanter on May 22, 2020.
             Killed by divine providence
             ... invoked by an orc priest
              (15 damage)
             ... on level 4 of the Dungeon.
             The game lasted 00:04:58 (1380 turns).

Doot the Sneak (Vampire Enchanter)                  Turns: 1380, Time: 00:04:59

Health: 0/36       AC:  3    Str:  7    XL:     5   Next: 82%
Magic:  0/9        EV: 13    Int: 19    God:
Gold:   39         SH:  0    Dex: 14    Spells: 3/9 levels left

rFire    + . .     SeeInvis +   a - +1 dagger
rCold    x . .     Gourm    .   (no shield)
rNeg     . . .     Faith    .   b - +0 robe
rPois    .         Spirit   .   (no helmet)
rElec    .         Reflect  .   (no cloak)
rCorr    .         Harm     .   (no gloves)
MR       .....                  f - +0 pair of boots
Stlth    +++.......             (no amulet)
HPRegen  0.32/turn              k - ring of fire
MPRegen  0.11/turn              (no ring)

@: very slightly contaminated, regenerating quickly
A: no food, fangs 3, see invisible, unbreathing
a: Exsanguinate


You were on level 4 of the Dungeon.
You were alive.

You visited 1 branch of the dungeon, and saw 4 of its levels.

You collected 39 gold pieces.

Inventory:

Hand Weapons
 a - a +1 dagger (weapon)
Missiles
 h - 21 poisoned darts (quivered)
Armour
 b - a +0 robe (worn)
 f - a +0 pair of boots (worn)
Jewellery
 k - a ring of fire (left hand)
Wands
 g - a wand of disintegration (2)
 l - a wand of polymorph (4)
 m - a wand of random effects (20)
Scrolls
 c - 2 scrolls of identify {unknown}
 i - a scroll of amnesia {unknown}
 j - a scroll of teleportation {unknown}
Potions
 d - 2 potions of mutation {unknown}
 e - 2 potions of haste {unknown}


   Skills:
 + Level 0.6 Fighting
 + Level 2.3 Short Blades
 + Level 2.6 Dodging
 + Level 6.6 Stealth
 + Level 2.9 Spellcasting
 + Level 5.5 Hexes
 + Level 1.5 Ice Magic
 + Level 0.7 Evocations


You had 3 spell levels left.
You knew the following spells:

 Your Spells              Type           Power        Failure   Level  Hunger
a - Corona                Hex            ###....      1%          1    N/A
b - Ensorcelled Hibernat  Hex/Ice        ###...       5%          2    N/A
c - Confuse               Hex            ###.....     4%          3    N/A

Your spell library contained the following spells:

 Spells                   Type           Power        Failure   Level  Hunger
 Tukima's Dance           Hex            ###.....     4%          3    N/A
 Dazzling Spray           Conj/Hex       ##....       14%         3    N/A

Dungeon Overview and Level Annotations

Branches:
Dungeon (4/15)
 Temple: D:4-7

Altars:
Hepliaklqana


Innate Abilities, Weirdness & Mutations

You do not eat.
Your natural rate of healing is unusually fast.
You have razor-sharp teeth.
You have supernaturally acute eyesight. (SInv)
You can survive without breathing.


Message History

The orc priest closely misses you. The orc hits you with a +0 short sword.
Casting: Ensorcelled Hibernation (safe; 5% risk of failure)
Confirm with . or Enter, or press ? or * to list all spells.
Aiming: Ensorcelled Hibernation (safe; 5% risk of failure)
Press: ? - help, Shift-Dir - straight line, f/p - orc priest
Aim: an orc priest, wielding a +0 dagger and wearing a +0 scale mail (chance to defeat MR: 47%)
The orc priest resists with some effort.
The orc priest barely misses you. The orc hits you with a +0 short sword.
The orc barely misses you.
Casting: Ensorcelled Hibernation (safe; 5% risk of failure)
Confirm with . or Enter, or press ? or * to list all spells.
Aiming: Ensorcelled Hibernation (safe; 5% risk of failure)
Press: ? - help, Shift-Dir - straight line, f/p - orc priest
Aim: an orc priest, wielding a +0 dagger and wearing a +0 scale mail (chance to defeat MR: 47%)
The orc priest resists with some effort.
The orc priest mumbles some strange prayers to Beogh against you.
Beogh smites you! The orc misses you. The orc barely misses you.
The orc priest mumbles some strange prayers to Beogh against you.
Beogh smites you!
You die...

#.#.....##.........
#.......##.........
##.................
#.................
####................. .
#.................... ...
#.##.................
....##.#......#...........
.......o.@....#...........
...#.oo.#....#..........#
.........#....#...........
.........#....#...........
...........#..............
)...######....##..........
.... #....##.......... ...
#....##.......... ..
.....>.#..........


You could see an orc priest and 2 orcs.

Vanquished Creatures
  A phantom (D:4)
  A centaur skeleton (D:4)
  Natasha (thrice) (D:4)
  3 adders
  2 worms
  2 leopard geckos (D:2)
  An orc (D:3)
  A bat (D:3)
  3 giant cockroaches
  A goblin (D:3)
  3 hobgoblins
  2 frilled lizards
  3 kobolds
  A leopard gecko skeleton (D:4)
  2 rats (D:3)
29 creatures vanquished.

Notes
Turn   | Place    | Note
-------+----------+-------------------------------------------
     0 | D:1      | Doot the Vampire Enchanter began the quest for the Orb.
     0 | D:1      | Reached XP level 1. HP: 13/13 MP: 3/3
   153 | D:2      | Reached skill level 5 in Stealth
   226 | D:3      | Reached XP level 2. HP: 19/19 MP: 5/5
   233 | D:2      | Learned a level 2 spell: Ensorcelled Hibernation
   551 | D:3      | Reached XP level 3. HP: 24/24 MP: 6/6
   647 | D:4      | Learned a level 3 spell: Confuse
   727 | D:4      | Found a hazy altar of Hepliaklqana.
   857 | D:4      | Noticed Natasha
   874 | D:4      | Killed Natasha
   874 | D:4      | Reached skill level 6 in Stealth
   874 | D:4      | Reached skill level 5 in Hexes
   874 | D:4      | Reached XP level 4. HP: 8/30 MP: 0/7
  1016 | D:4      | Noticed Natasha
  1019 | D:4      | Killed Natasha
  1019 | D:4      | Reached skill level 1 in Ice Magic
  1033 | D:4      | Noticed Natasha
  1050 | D:4      | Killed Natasha
  1117 | D:4      | Reached XP level 5. HP: 21/36 MP: 1/8
  1186 | D:4      | Noticed a phantom
  1262 | D:4      | Killed a phantom
  1380 | D:4      | Killed from afar by an orc priest

Levels and vault maps discovered:
D:1:      eino_arrival_druids_welcome, layout_basic,
          chequers_serial_rivers_marsh
D:2:      layout_basic, nicolae_ru_path_of_blood, old_standard_altar,
          chequers_ecumenical_altar_island
D:3:      layout_basic
D:4:      layout_basic, nicolae_overflow_crystal_walls, kennysheep_little_box,
          uniq_natasha

Skill      XL: |  1  2  3  4 |
---------------+-------------+-----
Stealth        | 5 6 |  6.6
Hexes          | 5 |  5.5
Ice Magic      | 1 |  1.5
Short Blades   | 2 |  2.3
Fighting       | |  0.6
Dodging        | |  2.6
Spellcasting   | |  2.9
Evocations     | |  0.7

Action                   |  1- 3 |  4- 6 || total
-------------------------+-------+-------++-------
Melee: Dagger            |    59 |    15 ||    74
       Bite              |     4 |     1 ||     5
 Cast: Corona            |     4 |       ||     4
       Ensorcelled Hiber |    17 |     5 ||    22
       Confuse           |       |     6 ||     6
Evoke: Wand              |       |     9 ||     9
  Use: Potion            |     1 |       ||     1
 Stab: Sleeping          |    12 |     1 ||    13
       Confused          |       |     5 ||     5
Armor: Robe              |    12 |     2 ||    14
Dodge: Dodged            |    42 |    17 ||    59
